AoeStats
← Mokute

Arena

503978579Analyzed
4v4 RM · 28d ago on Sep 3, 2026· 43m 46s· 8 players
Game mode
Random Map
Map size
Large (8 player)
Population
200
Speed
Normal
Resources
Standard
Victory
Conquest
Starting age
Dark Age
Ending age
Imperial Age
RankedLock teamsTeams togetherTeam positionsShared explorationLock speedFull tech treeHidden civsTurbo modeCheats
Victory
Defeat
🇨🇳 Khmer · China
1019
+15
🇩🇪 Teutons · Germany
963
+18
🇬🇧 Burgundians · United Kingdom
956
+18
🇨🇳 Poles · China
950
+20
🇨🇳 Portuguese · China
1017
-18
1017
-18
🇯🇵 Persians · Japan
1015
-38
🇨🇳 Britons · China
985
-46
diaoman
13:02 Feudal Age
14:26 Wheelbarrow
13:44 Double-Bit Axe
21:09 Castle Age
21:20 Horse Collar
21:39 Gold Mining
21:41 Stone Mining
21:47 Stone Mining
22:05 Padded Archer Armor
21:57 Fletching
28:41 Man-at-Arms
29:10 Gambesons
32:57 Leather Archer Armor
32:38 Bodkin Arrow
32:26 Long Swordsman
32:27 Pikeman
33:11 Squires
32:58 Arson
33:35 Hand Cart
33:10 Town Watch
33:56 Heavy Plow
34:35 Gold Shaft Mining
34:13 Bow Saw
忒瑞
9:45 Feudal Age
16:37 Castle Age
15:12 Double-Bit Axe
16:08 Loom
17:36 Stone Mining
17:29 Horse Collar
18:02 Bow Saw
22:30 Town Watch
25:08 Stone Shaft Mining
24:26 Gold Mining
25:20 Fortified Wall
26:53 Fletching
27:09 Heavy Plow
27:54 Bodkin Arrow
29:37 Wheelbarrow
29:25 Town Patrol
32:51 Imperial Age
31:06 Masonry
30:53 Murder Holes
30:38 Treadmill Crane
31:19 Ballistics
31:57 Forging
31:48 Scale Mail Armor
31:37 Pikeman
33:06 Iron Casting
32:56 Arson
33:31 Chain Mail Armor
33:35 Halberdier
34:36 Bloodlines
33:47 Light Cavalry
35:28 Conscription
35:11 Arquebus
36:45 Blast Furnace
36:17 Conscription
38:58 Husbandry
38:18 Cavalier
39:02 Bracer
39:02 Padded Archer Armor
39:33 Plate Mail Armor
39:08 Scale Barding Armor
40:25 Architecture
40:55 Chemistry
40:02 Siege Engineers
39:46 Gambesons
Mokute
10:07 Feudal Age
11:05 Double-Bit Axe
20:20 Castle Age
20:53 Pikeman
37:54 Horse Collar
月がきれいですね
10:59 Feudal Age
14:58 Castle Age
13:05 Double-Bit Axe
14:36 Horse Collar
16:09 Bow Saw
16:01 Heavy Plow
21:16 Wheelbarrow
24:27 Hand Cart
24:00 Loom
24:27 Gold Mining
24:28 Stone Mining
29:56 Imperial Age
27:47 Town Watch
29:18 Forging
29:13 Scale Barding Armor
29:11 Scale Mail Armor
30:09 Masonry
30:42 Iron Casting
30:12 Scale Barding Armor
30:49 Stone Shaft Mining
30:55 Squires
31:02 Scale Barding Armor
31:14 Chain Mail Armor
32:06 Conscription
31:34 Pikeman
32:54 Anarchy
32:56 Perfusion
32:20 Halberdier
34:03 Blast Furnace
33:02 Elite Huskarl
35:47 Two-Man Saw
35:54 Fletching
36:39 Crop Rotation
38:11 Chemistry
37:33 Ballistics
37:43 Architecture
42:40 Coinage
Mehaverage
11:20 Feudal Age
12:27 Loom
16:24 Castle Age
15:40 Double-Bit Axe
15:37 Horse Collar
17:52 Forging
17:33 Fletching
20:13 Wheelbarrow
34:09 Imperial Age
32:55 Stone Mining
32:55 Gold Mining
36:00 Scale Barding Armor
36:30 Iron Casting
37:21 Chain Barding Armor
38:20 Conscription
39:04 Blast Furnace
40:16 Husbandry
40:18 Scale Mail Armor
40:56 Plate Barding Armor
42:28 Elite Coustillier
44:14 Hand Cart
43:47 Spies/Treason
NeburX1
10:34 Loom
12:19 Feudal Age
14:44 Wheelbarrow
14:01 Double-Bit Axe
13:58 Horse Collar
15:22 Town Watch
17:54 Castle Age
17:26 Stone Mining
17:29 Fletching
18:00 Gold Mining
19:05 Bow Saw
20:18 Heavy Plow
24:35 Stone Shaft Mining
24:20 Scale Mail Armor
27:14 Hand Cart
27:35 Ironclad
27:58 Town Patrol
29:00 Forging
30:11 Squires
30:11 Arson
35:14 Imperial Age
34:19 Coinage
34:25 Chain Mail Armor
35:00 Iron Casting
34:58 Fortified Wall
34:59 Masonry
36:32 Conscription
35:34 Capped Ram
37:34 Plate Mail Armor
38:06 Blast Furnace
38:19 Elite Teutonic Knight
40:11 Crop Rotation
40:11 Guilds
41:03 Two-Man Saw
42:51 Padded Archer Armor
378080739
0:27 Loom
12:12 Feudal Age
15:07 Double-Bit Axe
15:15 Stone Mining
15:08 Horse Collar
18:03 Castle Age
19:30 Gold Mining
19:55 Bow Saw
19:48 Heavy Plow
30:18 Imperial Age
29:01 Szlachta Privileges
29:26 Bloodlines
30:39 Forging
30:34 Scale Barding Armor
30:40 Husbandry
31:42 Wheelbarrow
31:29 Conscription
32:23 Crop Rotation
32:31 Iron Casting
31:41 Cavalier
33:03 Chain Barding Armor
33:48 Hand Cart
38:24 Blast Furnace
36:47 Elite Obuch
37:30 Scale Mail Armor
39:13 Lechitic Legacy
38:42 Town Watch
40:42 Chain Mail Armor
President of USA
2:20 Loom
12:58 Feudal Age
15:53 Castle Age
14:03 Double-Bit Axe
14:04 Horse Collar
17:18 Bow Saw
19:14 Wheelbarrow
29:05 Imperial Age
27:02 Scale Barding Armor
26:49 Gold Mining
26:52 Stone Mining
28:07 Gold Shaft Mining
28:09 Chain Barding Armor
28:46 Stone Shaft Mining
28:16 Tusk Swords
28:33 Forging
28:45 Ballistics
28:49 Husbandry
28:45 Fletching
29:41 Bloodlines
29:41 Heavy Scorpion
31:37 Plate Barding Armor
31:23 Hand Cart
30:51 Heavy Scorpion
32:58 Conscription
32:53 Bodkin Arrow
33:06 Siege Engineers
33:13 Fortified Wall
33:14 Masonry
34:32 Double Crossbow
34:53 Murder Holes
36:28 Chemistry
35:59 Architecture
35:20 Town Watch
36:33 Hoardings
35:33 Elite Battle Elephant
39:26 Iron Casting
38:54 Bracer
43:02 Light Cavalry
Connection lost

Rejoining the realm…

Still unreachable

The connection could not be restored.

Session expired

The server has moved on; the page needs a fresh start.